 Dungeon Crawl Stone Soup version 0.29-a0-845-g6161e89988 (webtiles) character file.

Game seed: 7010170796327025441

17777 hquester1 the Fighter (level 12, -9/108 HPs)
             Began as a Minotaur Fighter on July 15, 2022.
             Was a High Priest of Okawaru.
             Mangled by a salamander (11 damage)
             ... in a volcano.
             The game lasted 00:37:31 (11745 turns).

hquester1 the Fighter (Minotaur Fighter)           Turns: 11745, Time: 00:37:31

Health: -9/108     AC: 19    Str: 23    XL:     12   Next: 21%
Magic:  11/11      EV: 13    Int:  5    God:    Okawaru [*****.]
Gold:   1446       SH: 16    Dex: 13    Spells: 11/11 levels left

rFire   . . .      SeeInvis .   I - +4 flail (vorpal)
rCold   . . .      Faith    .   g - +0 kite shield
rNeg    + . .      Spirit   .   F - +3 scale mail
rPois   .          Reflect  +   (helmet restricted)
rElec   .          Harm     .   b - +0 cloak
rCorr   .          Rampage  .   D - +1 pair of gloves
Will    .....                   t - +2 pair of boots
Stlth   ..........              B - amulet of reflection
HPRegen 0.28/turn               i - ring of positive energy
MPRegen 0.12/turn               (no ring)

@: marked
A: horns 2, retaliatory headbutt
a: Renounce Religion, Heroism, Finesse, Duel


You were in a volcano.
You worshipped Okawaru.
Okawaru was extremely pleased with you.
You visited 3 branches of the dungeon, and saw 13 of its levels.
You also visited: Volcano.

You collected 1446 gold pieces.

Inventory:

Hand Weapons
 a - a +0 war axe of venom
 x - a +1 flail of protection
 I - a +4 vorpal flail (weapon)
Missiles
 M - 3 throwing nets (quivered)
Armour
 b - a +0 cloak (worn)
 g - a +0 kite shield (worn)
 t - a +2 pair of boots (worn)
 D - a +1 pair of gloves (worn)
 F - a +3 scale mail (worn)
Jewellery
 f - an amulet of regeneration
 i - a ring of positive energy (left hand)
 y - an amulet of the acrobat
 B - an amulet of reflection (around neck)
 H - an amulet of faith
Wands
 p - a wand of polymorph (10)
 G - a wand of flame (15)
 L - a wand of mindburst (13)
 O - a wand of quicksilver (6)
Scrolls
 e - 2 scrolls of teleportation
 j - a scroll of fog
 l - a scroll of brand weapon
 q - 2 scrolls of torment
 s - 2 scrolls of magic mapping
 v - 2 scrolls of enchant weapon
 w - a scroll of poison
 A - 2 scrolls of immolation
Potions
 c - a potion of magic
 d - 7 potions of might
 h - 3 potions of cancellation
 k - 3 potions of attraction
 m - 2 potions of ambrosia
 o - a potion of haste
 r - 3 potions of mutation
 u - 2 potions of invisibility
 z - 6 potions of curing
 C - 2 potions of degeneration {unknown}
 E - 3 potions of lignification
 N - a potion of berserk rage {unknown}
 Q - 2 potions of brilliance {unknown}


   Skills:
 + Level 10.7 Fighting
 + Level 10.3(11.9) Axes
 + Level 9.4(11.4) Maces & Flails
 + Level 10.7 Armour
 + Level 9.2 Dodging
 + Level 10.7 Shields


You had 11 spell levels left.
You didn't know any spells.
Your spell library contained the following spells:

 Spells                   Type           Power      Damage    Failure   Level
 Beastly Appendage        Tmut           0%         N/A       94%         1
 Foxfire                  Conj/Fire      0%         2x1d4     94%         1
 Necrotise                Necr           0%         1d4       94%         1
 Sting                    Tmut/Pois      0%         1d3       94%         1
 Blink                    Tloc           0%         N/A       98%         2
 Poisonous Vapours        Pois/Air       0%         N/A       98%         2
 Wereblood                Tmut           0%         N/A       98%         2
 Confusing Touch          Hex            0%         N/A       100%        3
 Conjure Flame            Conj/Fire      0%         6-21      100%        3
 Inner Flame              Hex/Fire       0%         N/A       100%        3
 Lesser Beckoning         Tloc           0%         N/A       100%        3
 Spider Form              Tmut/Pois      0%         N/A       100%        3
 Vampiric Draining        Necr           0%         2d6       100%        3
 Flame Wave               Conj/Fire      0%         2d4       100%        4
 Olgreb's Toxic Radiance  Pois           0%         N/A       100%        4
 Agony                    Necr           0%         N/A       100%        5
 Manifold Assault         Tloc           0%         N/A       100%        5
 Yara's Violent Unravell  Hex/Tmut       0%         3d3       100%        5
 Enfeeble                 Hex            0%         N/A       100%        7


Dungeon Overview and Level Annotations

Branches:
Dungeon (11/15)            Temple (1/1) D:5            Lair (1/6) D:10
    Orc (0/2) D:11        Volcano (1/1)

Altars:
Ashenzari
Cheibriados
Dithmenos
Elyvilon
Fedhas
Gozag
Hepliaklqana
Kikubaaqudgha
Makhleb
Nemelex Xobeh
Okawaru
Qazlal
Ru
Sif Muna
Trog
Uskayaw
Vehumet
Wu Jian
Xom
Yredelemnul
Zin
The Shining One


Innate Abilities, Weirdness & Mutations

You have a pair of horns on your head.
You reflexively headbutt those who attack you in melee.


Message History

You block the salamander's attack.
The salamander hits you but does no damage.
You hit the salamander.
The salamander is lightly wounded.
You block the salamander's attack. x2
You hit the salamander.
You headbutt the salamander, but do no damage.
The salamander is moderately wounded.
You block the salamander's attack. The salamander misses you.
You sock the salamander!
The salamander is heavily wounded.
The air gets thick with the scent of sulphur.
The salamander misses you.
You hit the salamander but do no damage.
You headbutt the salamander!
The salamander is heavily wounded.
The salamander hits you from afar with a +0 trident.
You are engulfed in flames!
* * * LOW HITPOINT WARNING * * *
You block the salamander's attack.
You thump the salamander!
The salamander is almost dead.
The salamander barely misses you. You block the salamander's attack.
You sock the salamander!
You kill the salamander!
Okawaru accepts your kill.
In the distance, the volcano erupts with a roar.
The salamander hits you from afar with a +0 trident!
* * * LOW HITPOINT WARNING * * *
You are engulfed in flames!
* * * LOW HITPOINT WARNING * * *
You hit the salamander but do no damage.
You headbutt the salamander.
The salamander is lightly wounded.
The salamander hits you but does no damage.
The salamander unwields a +0 shortbow of flaming.
It stops flaming.
The salamander hits you!
* * * LOW HITPOINT WARNING * * *
You are engulfed in flames!
You die...

≈≈≈≈≈≈≈≈≈≈≈≈≈≈≈≈≈≈≈
≈≈≈≈≈≈≈≈≈≈≈≈≈≈≈≈≈≈≈
≈≈≈≈≈≈≈≈≈≈≈≈≈≈≈≈≈≈≈
≈≈≈≈≈≈≈≈≈≈≈≈≈≈≈≈≈≈≈
≈≈≈.≈.≈≈≈≈≈≈≈≈≈≈≈≈≈
≈≈≈≈.≈...≈.≈≈≈≈≈≈≈≈
.............##
####...##'##..NN##
..)##.##...##..#@###
....#.#....[#..#.#∩#
!..[#.#)..).#..#.#∩#
hc.##h##)))##..##.##
#'##NN.#####...####
...cO....§.....#
≈≈§≈°≈≈≈°≈§.≈≈.§§≈§
≈≈≈≈§≈§.≈≈§§§§≈§§§§
§§§≈≈≈§§≈≈≈≈§§≈≈§§§§


You could see 2 salamanders.

Vanquished Creatures
  A boulder beetle (D:10)
  Harold (D:10)
  4 two-headed ogres
  A death yak (D:10)
  Pikel (D:4)
  3 cyclopes (D:11)
  2 salamanders (Volcano)
  A manticore (D:8)
  An elephant (D:10)
  Maggie (D:8)
  Prince Ribbit (D:6)
  2 wraiths
  A shadow (D:10)
  2 wyverns
  28 yaks
  2 basilisks (D:10)
  A fire bat (Volcano)
  A human (D:11)
  Menkaure (D:6)
  2 wargs (D:11)
  2 acid dragons (D:10)
  2 hell hounds (Volcano)
  A water moccasin (D:6)
  Duvessa (D:6)
  An orc warrior (D:6)
  A black bear (D:7)
  An ice beast (D:6)
  A centaur (Volcano)
  7 bullfrogs
  4 scorpions
  2 necrophages (D:6)
  14 wights
  Dowan (D:6)
  15 killer bees
  2 hounds
  13 orc priests
  2 jellies (D:5)
  Jessica (D:2)
  7 iguanas
  Natasha (thrice) (D:2)
  14 orc wizards
  Robin (D:2)
  4 gnolls (D:5)
  5 adders
  A shadow imp (D:8)
  3 white imps
  2 ufetubi
  A worm (D:2)
  3 dart slugs
  40 orcs
  9 ball pythons
  6 bats
  An endoplasm (D:2)
  2 giant cockroaches
  17 goblins
  9 hobgoblins
  4 jackals (D:4)
  6 kobolds
  10 quokkas
  2 frilled lizards
  2 rats
280 creatures vanquished.

Vanquished Creatures (others)
  A fungus (Lair:1)
  3 withered plants (D:2)
4 creatures vanquished.

Grand Total: 284 creatures vanquished

Notes
Turn   | Place    | Note
-------+----------+-------------------------------------------
     0 | D:1      | hquester1 the Minotaur Fighter began the quest for the Orb.
     0 | D:1      | Reached XP level 1. HP: 19/19 MP: 0/0
   134 | D:1      | Reached XP level 2. HP: 27/27 MP: 1/1
   654 | D:2      | Noticed Natasha
   657 | D:2      | Noticed a crimson imp
   663 | D:2      | Killed Natasha
   664 | D:2      | Reached skill level 1 in Dodging
   664 | D:2      | Reached XP level 3. HP: 33/33 MP: 2/2
   723 | D:2      | Noticed Robin
   744 | D:2      | Killed Robin
   745 | D:2      | Reached XP level 4. HP: 39/40 MP: 3/3
  1004 | D:2      | Noticed Natasha
  1014 | D:2      | Killed Natasha
  1209 | D:2      | Found a faded altar of an unknown god.
  1216 | D:2      | Noticed Natasha
  1232 | D:2      | Killed Natasha
  1233 | D:2      | Reached XP level 5. HP: 47/47 MP: 4/4
  1263 | D:2      | Found a hide-covered altar of Uskayaw.
  1330 | D:2      | Noticed Jessica
  1337 | D:2      | Killed Jessica
  1626 | D:3      | Reached XP level 6. HP: 45/55 MP: 5/5
  1668 | D:3      | Reached skill level 5 in Fighting
  1725 | D:3      | Reached skill level 5 in Shields
  2766 | D:4      | Noticed Pikel
  2788 | D:4      | Killed Pikel
  2789 | D:4      | Reached skill level 5 in Armour
  2789 | D:4      | Reached XP level 7. HP: 42/62 MP: 6/6
  3345 | D:4      | Reached skill level 5 in Axes
  3426 | D:5      | Entered Level 5 of the Dungeon
  3543 | D:5      | Found a staircase to the Ecumenical Temple.
  3549 | Temple   | Entered the Ecumenical Temple
  3773 | D:5      | Reached XP level 8. HP: 70/70 MP: 7/7
  4312 | D:6      | Noticed Dowan
  4315 | D:6      | Noticed Duvessa
  4323 | D:6      | Killed Dowan
  4337 | D:6      | Killed Duvessa
  4347 | D:6      | Reached skill level 5 in Dodging
  4394 | D:6      | Noticed Menkaure
  4416 | D:6      | Killed Menkaure
  4417 | D:6      | Reached XP level 9. HP: 14/79 MP: 8/8
  5068 | D:6      | Noticed Prince Ribbit
  5088 | D:6      | Reached skill level 5 in Maces & Flails
  5111 | D:6      | Killed Prince Ribbit
  5767 | D:7      | Found an iron altar of Okawaru.
  5778 | D:7      | Became a worshipper of Warmaster Okawaru
  5831 | D:7      | Found a hide-covered altar of Uskayaw.
  6063 | D:8      | Reached XP level 10. HP: 69/88 MP: 9/9
  6072 | D:8      | Reached * piety under Okawaru
  6406 | D:8      | Found a basalt altar of Yredelemnul.
  6436 | D:8      | Noticed a manticore
  6449 | D:8      | Killed a manticore
  6672 | D:8      | Noticed a two-headed ogre
  6683 | D:8      | Killed a two-headed ogre
  6683 | D:8      | Reached ** piety under Okawaru
  6969 | D:8      | Noticed Maggie
  6986 | D:8      | Killed Maggie
  8498 | D:9      | Reached *** piety under Okawaru
  8792 | D:9      | Found a glowing golden altar of the Shining One.
  8915 | D:10     | Entered Level 10 of the Dungeon
  8951 | D:10     | Reached XP level 11. HP: 48/97 MP: 10/10
  9200 | D:10     | Noticed a death yak
  9234 | D:10     | Found a staircase to the Lair.
  9498 | D:10     | Reached **** piety under Okawaru
  9555 | D:10     | Found a shimmering altar of Xom.
  9555 | D:10     | Noticed a boulder beetle
 10122 | D:11     | Reached ***** piety under Okawaru
 10159 | D:11     | Identified the +1 ring mail of Gallantry {Str+3 Dex+5}
                  | (Okawaru gifted it to you on level 11 of the Dungeon)
 10159 | D:11     | Received a gift from Okawaru
 10184 | D:11     | Identified the +6 battleaxe of Kindness {protect, Str+3
                  | Dex+6}
 10226 | D:11     | Found a staircase to the Orcish Mines.
 10232 | D:11     | Noticed a two-headed ogre
 10240 | D:11     | Killed a two-headed ogre
 10325 | D:10     | Killed a boulder beetle
 10326 | D:10     | Reached skill level 10 in Fighting
 10326 | D:10     | Reached skill level 10 in Armour
 10326 | D:10     | Reached skill level 10 in Shields
 10771 | D:10     | Identified the +1 chain mail "Maituuve" {rC- Str-3 Dex+9}
 10908 | D:10     | Killed a death yak
 11322 | D:10     | Noticed Harold
 11333 | D:10     | Killed Harold
 11334 | D:10     | Reached skill level 10 in Axes
 11491 | Lair:1   | Entered Level 1 of the Lair of Beasts
 11548 | Lair:1   | Reached XP level 12. HP: 82/107 MP: 11/11
 11617 | Lair:1   | Found a dark tunnel.
 11622 | Volcano  | Entered a volcano
 11646 | Volcano  | Noticed a two-headed ogre
 11686 | Volcano  | Identified a scroll of acquirement
 11686 | Volcano  | Acquired 752 gold pieces
 11714 | Volcano  | Noticed a two-headed ogre
 11722 | Volcano  | Killed a two-headed ogre
 11736 | Volcano  | Killed a two-headed ogre
 11745 | Volcano  | HP: 2/108 [salamander (7)]
 11745 | Volcano  | Mangled by a salamander

Illustrated notes

Levels and vault maps discovered:
D:1:      heliophobic_arrival_dark_side_of_the_moon, layout_loops_ring
D:2:      layout_basic, ebering_ecumenical_altar_petrified, basic_altar,
          uniq_jessica, uniq_natasha, uniq_robin
D:3:      layout_loops_corners, kennysheep_generic_room_14
D:4:      layout_basic, uniq_pikel
D:5:      layout_basic, minmay_temple_entry_hall
D:6:      layout_rooms, uniq_prince_ribbit1, uniq_menkaure, uniq_duvessa
D:7:      layout_cave_pools, lemuel_round_altar, mainiacjoe_overflow_chevrons
D:8:      layout_basic, lemuel_doored_altar, eino_jars, uniq_maggie
D:9:      layout_irregular_city, nicolae_tso_swordbearing_angel
D:10:     layout_stronghold, xom_teletrap_fun, david_lair_generic, uniq_harold
D:11:     layout_basic, erik_orc_4, ebering_ghost_inner_flame
Temple:   minmay_crystal_spiral_temple
Lair:1:   layout_cave_shapes, enter_volcano_4
Volcano:  volcano_village

Skill      XL: |  1  2  3  4  5  6  7  8  9 10 11 12 |
---------------+-------------------------------------+-----
Fighting       | 4 5 6 7 8 9 10 | 10.7
Axes           | 3 4 5 6 7 8 10 | 10.3
Armour         | 4 5 6 8 9 10 | 10.7
Dodging        | 1 2 3 4 5 6 7 8 9 |  9.2
Shields        | 4 5 6 8 9 10 | 10.7
Maces & Flails | 2 3 4 6 7 9 |  9.4

Action                   |  1- 3 |  4- 6 |  7- 9 | 10-12 || total
-------------------------+-------+-------+-------+-------++-------
Melee: War axe           |    69 |    85 |       |       ||   154
       Headbutt          |     4 |    22 |    74 |   104 ||   204
       Unarmed           |       |    10 |       |       ||    10
       Flail             |       |    69 |   393 |   448 ||   910
Invok: Heroism           |       |       |       |     1 ||     1
  Use: Scroll            |       |     1 |     6 |    21 ||    28
       Potion            |       |       |     2 |     5 ||     7
Armor: Scale mail        |    42 |    66 |   156 |   122 ||   386
       Skin              |       |     1 |       |       ||     1
Dodge: Dodged            |    29 |    57 |    93 |   147 ||   326
Block: Kite shield       |    26 |    78 |   267 |   305 ||   676
       Reflection        |       |       |     4 |     9 ||    13

Table legend: (Time is in decaauts)
 A = Elapsed time spent in this place.
 B = Non-inter-level travel time spent in this place.
 C = Inter-level travel time spent in this place.
 D = Time resting spent in this place.
 E = Time spent auto-exploring this place.
 F = Levels seen in this place.
 G = Mean time per level.
                   A        B        C        D        E       F      G
               +--------+--------+--------+--------+--------+-----+--------+
         Total |  11972 |  11572 |    400 |    926 |   7652 |  14 |  855.1 |
       Dungeon |  11510 |  11195 |    315 |    926 |   7540 |  11 | 1046.4 |
        Temple |    212 |    127 |     85 |      0 |    112 |   1 |  212.0 |
          Lair |    129 |    129 |      0 |      0 |      0 |   1 |  129.0 |
       Volcano |    120 |    120 |      0 |      0 |      0 |   1 |  120.0 |
               +--------+--------+--------+--------+--------+-----+--------+

Top non-repeatable levels by time:
    D:10: 1926 daAuts
     D:8: 1795 daAuts
     D:9: 1193 daAuts
     D:6: 1181 daAuts
     D:3: 1081 daAuts
     D:4: 976 daAuts
     D:2: 826 daAuts
     D:5: 675 daAuts
     D:1: 666 daAuts
    D:11: 633 daAuts
     D:7: 555 daAuts
  Temple: 212 daAuts
  Lair:1: 129 daAuts
 Volcano: 120 daAuts
